 Dungeon Crawl Stone Soup version 0.31-a0-965-g8a8ce12e04 (webtiles) character file.

Game seed: 3873337061815155945

151 Dordric the Shooter (level 5, -7/30 HPs)
             Began as a Tengu Hunter on Oct 27, 2023.
             Mangled by Duvessa
             ... wielding a +0 short sword
              (9 damage)
             ... on level 4 of the Dungeon.
             The game lasted 00:02:00 (1888 turns).

Dordric the Shooter (Tengu Hunter)                  Turns: 1888, Time: 00:02:01

Health: -7/30      AC:  3    Str: 11    XL:     5   Next: 33%
Magic:  6/6        EV: 12    Int: 10    God:
Gold:   118        SH:  0    Dex: 19    Spells: 4/4 levels left

rFire   . . .        a - +0 shortbow
rCold   . . .        (shield currently unavailable)
rNeg    . . .        c - +0 leather armour
rPois   .            (helmet restricted)
rElec   .            (no cloak)
rCorr   .            (no gloves)
SInv    .            (boots unavailable)
Will    .....        (no amulet)
Stlth   ++           (no ring)
HPRegen 0.25/turn    (no ring)
MPRegen 0.10/turn

%: acrobat
@: no status effects
A: beak, talons 3, acrobatic
a: no special abilities


You were on level 4 of the Dungeon.
You visited 1 branch of the dungeon, and saw 4 of its levels.

You collected 118 gold pieces.

Inventory:

Hand Weapons
 a - a +0 shortbow (weapon)
Armour
 c - a +0 leather armour (worn)
Scrolls
 b - a scroll of butterflies
 d - 2 scrolls of teleportation {unknown}
 e - 4 scrolls of blinking {unknown}
 g - 4 scrolls of identify {unknown}
 j - 3 scrolls of immolation {unknown}
 k - a scroll of enchant armour {unknown}
 l - a scroll of fear {unknown}
Potions
 f - a potion of heal wounds {unknown}
 h - a potion of ambrosia {unknown}
 i - 2 potions of mutation {unknown}


   Skills:
 - Level 2.0 Fighting
 + Level 6.8 Ranged Weapons
 - Level 2.8 Dodging
 - Level 1.0 Stealth


You had 4 spell levels left.
You didn't know any spells.
Your spell library contained the following spells:

 Spells                   Type           Power      Damage    Failure   Level
 Inner Flame              Hex/Fire       0%         N/A       83%         3
 Flame Wave               Conj/Fire      0%         2d4       99%         4
 Sticky Flame             Conj/Fire      0%         2d3       99%         4


Dungeon Overview and Level Annotations

Branches:
Dungeon (4/15)
 Temple: D:4-7

Altars:
Okawaru
Uskayaw
Zin

Shops:
D:1 *

Annotations:
D:4 Dowan, Duvessa


Innate Abilities, Weirdness & Mutations

You have a beak for a mouth.
You have claws for feet.
You can magically evade attacks while moving or waiting.


Message History

Duvessa is lightly wounded.
You shoot an arrow.
The arrow hits Duvessa but does no damage.
Duvessa is lightly wounded.
You shoot an arrow.
The arrow hits Duvessa but does no damage.
Duvessa is lightly wounded.
You shoot an arrow. The arrow hits Duvessa.
Duvessa is moderately wounded.
Duvessa misses you.
You shoot an arrow. The arrow barely misses Duvessa.
Duvessa completely misses you. Duvessa hits you with a +0 short sword.
You shoot an arrow. The arrow hits Duvessa.
Duvessa is moderately wounded.
Duvessa hits you with a +0 short sword.
You shoot an arrow. The arrow hits Duvessa.
Duvessa is moderately wounded.
Duvessa hits you with a +0 short sword.
You shoot an arrow. The arrow hits Duvessa.
Duvessa is heavily wounded.
Duvessa closely misses you.
You shoot an arrow.
The arrow hits Duvessa but does no damage.
Duvessa is heavily wounded.
Duvessa hits you with a +0 short sword!
You are too injured to fight recklessly!
You are too injured to fight recklessly!
You are too injured to fight recklessly!
You are too injured to fight recklessly!
You are too injured to fight recklessly!
You shoot an arrow. The arrow hits Duvessa.
Duvessa is heavily wounded.
Duvessa hits you with a +0 short sword.
* * * LOW HITPOINT WARNING * * *
You shoot an arrow. The arrow barely misses Duvessa.
Duvessa hits you with a +0 short sword.
* * * LOW HITPOINT WARNING * * *
You shoot an arrow. The arrow closely misses Duvessa.
Duvessa hits you with a +0 short sword!
You die...

....e....
#.#######..
###.#....$#.+#
+...#..$.$#..#
...#.$_[.+..+
######+.#.$$..#..#
#.......#$....#..#
#......†#######e.#
...............@.#
............#....#
............#....#
............###+##
#######+##....#
#....# +....#
#..).# #....#


You could see Duvessa.

Vanquished Creatures
  A scorpion (D:3)
  An orc priest (D:3)
  An adder (D:2)
  2 worms
  2 dart slugs
  2 orcs (D:3)
  8 bats
  5 endoplasms
  2 giant cockroaches
  3 goblins
  4 hobgoblins
  2 ball pythons
  4 frilled lizards (D:1)
  2 kobolds
  10 rats
49 creatures vanquished.

Notes
Turn   | Place    | Note
-------+----------+-------------------------------------------
     0 | D:1      | Dordric the Tengu Hunter began the quest for the Orb.
     0 | D:1      | Reached XP level 1. HP: 12/12 MP: 2/2
   118 | D:1      | Found Ushyim's Assorted Antiques.
   148 | D:1      | Reached XP level 2. HP: 17/17 MP: 3/3
   529 | D:2      | Reached skill level 5 in Ranged Weapons
   581 | D:2      | Reached XP level 3. HP: 21/21 MP: 4/4
  1159 | D:2      | Found a faded altar of an unknown god.
  1224 | D:3      | Reached XP level 4. HP: 26/26 MP: 5/5
  1239 | D:3      | Reached skill level 6 in Ranged Weapons
  1309 | D:3      | Found a glowing silver altar of Zin.
  1332 | D:3      | Noticed a scorpion
  1339 | D:3      | Killed a scorpion
  1340 | D:3      | Reached XP level 5. HP: 24/30 MP: 6/6
  1849 | D:4      | Found a hide-covered altar of Uskayaw.
  1859 | D:4      | Found an iron altar of Okawaru.
  1870 | D:4      | Noticed Duvessa
  1870 | D:4      | Noticed Dowan
  1888 | D:4      | Mangled by Duvessa

Illustrated notes

Levels and vault maps discovered:
D:1:      wander_arrival_peaceful_grave, layout_basic, serial_aquarium,
          aquarium_bridge_square [aquarium_subvault_bridge,
          aquarium_subvault_wall, aquarium_subvault_balcony,
          aquarium_subvault_bridge], aquarium_window_fake, aquarium_window_fake,
          aquarium_view_2e, aquarium_balcony_5b, serial_shops,
          nicolae_shop_overgrown_old_shop
D:2:      minmay_wonky_spiral, layout_basic,
          dreamdust_ecumenical_altar_angels_and_demons
D:3:      layout_loops_ring, zin_treasury, hangedman_abyss_or_decor_stabs
D:4:      layout_gridville, mainiacjoe_overflow_six_doors_small,
          amcnicky_altar_gilded, minivault_11, minmay_misc_feat_tiny,
          uniq_duvessa

Skill      XL: |  1  2  3  4 |
---------------+-------------+-----
Ranged Weapons | 5 6 |  6.8
Fighting       | |  2.0
Dodging        | |  2.8
Stealth        | |  1.0

Action                     |  1- 3 |  4- 6 || total
---------------------------+-------+-------++-------
   Fire: Shortbow          |    92 |    39 ||   131
 Armour: Leather armour    |    17 |    11 ||    28
  Dodge: Dodged            |    17 |     8 ||    25

Table legend: (Time is in decaauts)
 A = Elapsed time spent in this place.
 B = Non-inter-level travel time spent in this place.
 C = Inter-level travel time spent in this place.
 D = Time resting spent in this place.
 E = Time spent auto-exploring this place.
 F = Levels seen in this place.
 G = Mean time per level.
                   A        B        C        D        E       F      G
               +--------+--------+--------+--------+--------+-----+--------+
         Total |   1910 |   1834 |     76 |      0 |   1558 |   4 |  477.5 |
       Dungeon |   1910 |   1834 |     76 |      0 |   1558 |   4 |  477.5 |
               +--------+--------+--------+--------+--------+-----+--------+

Top non-repeatable levels by time:
     D:2: 671 daAuts
     D:3: 658 daAuts
     D:1: 534 daAuts
     D:4: 46 daAuts
